 Dungeon Crawl Stone Soup version 0.22-a0-407-gb098539 (webtiles) character file.

8 dstrtnsr the Chopper (level 2, -1/27 HPs)
             Began as a Hill Orc Berserker on May 9, 2018.
             Was a Follower of Trog.
             Slain by a hobgoblin (2 damage)
             ... on level 1 of the Dungeon.
             The game lasted 00:00:15 (150 turns).

dstrtnsr the Chopper (Hill Orc Berserker)            Turns: 150, Time: 00:00:15

Health: -1/27      AC:  2    Str: 19    XL:     2   Next: 8%
Magic:  2/2        EV: 12    Int:  7    God:    Trog [*.....]
Gold:   16         SH:  0    Dex: 10    Spells: 1/1 levels left

rFire    . . .     SeeInvis .   a - +0 hand axe
rCold    . . .     Gourm    .   (no shield)
rNeg     . . .     Faith    .   b - +0 animal skin
rPois    .         Spirit   .   (no helmet)
rElec    .         Reflect  .   (no cloak)
rCorr    .         Harm     .   (no gloves)
MR       .....                  (no boots)
Stlth    +.........             (no amulet)
HPRegen  0.09/turn              (no ring)
MPRegen  0.08/turn              (no ring)

@: berserk cooldown, slowed, very slow
A: no striking features
a: Berserk, Renounce Religion


You were on level 1 of the Dungeon.
You worshipped Trog.
Trog was aware of your devotion.
You were not hungry.

You visited 1 branch of the dungeon, and saw 1 of its levels.

You collected 16 gold pieces.

Inventory:

Hand Weapons
 a - a +0 hand axe (weapon)
Armour
 b - a +0 animal skin (worn)
Scrolls
 f - a scroll of identify {unknown}
Potions
 d - 2 potions of invisibility {unknown}
Comestibles
 c - 2 chunks of flesh
 e - a ration {!d}


   Skills:
 + Level 3.9 Fighting
 * Level 4.5 Axes
 - Level 2.1 Armour
 - Level 1.5 Dodging


You had one spell level left.
You didn't know any spells.

Dungeon Overview and Level Annotations

Branches:
Dungeon (1/15)

Altars:


Message History

The rat moves out of view.
A goblin is nearby!
A goblin is nearby!
A goblin is nearby!
A goblin is nearby!
A goblin is nearby!
You hit the goblin.
You kill the goblin!
Trog accepts your kill. The rat bites you but does no damage.
Things that are here:
a club; a goblin corpse You hit the rat.
You kill the rat!
Trog accepts your kill.
No target in view!
No target in view!
No target in view!
You butcher the goblin corpse.
c - 2 chunks of flesh (gained 1)
Things that are here:
a club; a goblin skeleton
Things that are here:
a club; a goblin skeleton
Found a stone staircase leading down.
You now have 16 gold pieces (gained 12).
f - a scroll labeled KUFOS BIGH
Found 30 sling bullets.
You see here 30 sling bullets.
A hobgoblin comes into view. It is wielding a club.
The hobgoblin shouts!
The hobgoblin hits you with a club.
You barely miss the hobgoblin. The hobgoblin hits you with a club.
A hobgoblin is nearby!
A hobgoblin is nearby!
A hobgoblin is nearby!
You hit the hobgoblin but do no damage. The hobgoblin hits you with a club.
A hobgoblin is nearby!
You hit the hobgoblin.
The hobgoblin is almost dead.
The hobgoblin closely misses you.
You closely miss the hobgoblin.
The hobgoblin is almost dead.
The hobgoblin misses you.
You hit the hobgoblin.
You kill the hobgoblin!
Trog accepts your kill.
No target in view!
No target in view!
No target in view!
A kobold comes into view. It is wielding a short sword.
Found 8 gold pieces.
A kobold is nearby!
The kobold shouts!
A goblin comes into view.
The goblin shouts!
You hit the kobold.
You kill the kobold!
Trog accepts your kill.
You have reached level 2!
A red film seems to cover your vision as you go berserk!
You feel yourself moving faster!
You feel mighty!
You feel a lot more hungry.
You feel a strong urge to attack something.
The goblin hits you.
A rat comes into view.
You slash the goblin!
You kill the goblin!
Trog accepts your kill.
Found a scroll labeled WYGEOFF CEXAXI.
You feel a strong urge to attack something.
You are no longer berserk.
You are exhausted.
You feel yourself slow down. The rat barely misses you. The rat bites you.
Found a scroll labeled RIL GAEMEONE.
You closely miss the rat. The rat bites you. The rat barely misses you.
You are too injured to fight recklessly!
You are too injured to fight recklessly!
You are too injured to fight recklessly!
You are too injured to fight recklessly!
Unknown command.
You are too injured to fight recklessly!
You are too injured to fight recklessly!
The rat bites you.
* * * LOW HITPOINT WARNING * * *
A hobgoblin comes into view.
You are too injured to fight recklessly!
The rat bites you.
* * * LOW HITPOINT WARNING * * *
You are too injured to fight recklessly!
You hit the rat.
You kill the rat!
Trog accepts your kill.
You hit the hobgoblin but do no damage. The hobgoblin hits you.
* * * LOW HITPOINT WARNING * * *
You closely miss the hobgoblin. The hobgoblin barely misses you. x2
You closely miss the hobgoblin. The hobgoblin hits you.
* * * LOW HITPOINT WARNING * * *
You hit the hobgoblin but do no damage. The hobgoblin hits you.
You die...

..# ######### ##..
#....... #... #......#
#..# #.?....# #..#
#......### #.)#
#........#######..'
#...........#.....ยง .
#.@....$....#..##.' ..?
#.g.........#..##.#
.....#...........#.)##.#
...g.............#..##.#
.................#..##..
#+#..............#..###.
#...#.......)....#..###.
###.###+#######.........
# #.#######.###.####


You could see a hobgoblin.

Vanquished Creatures
  3 goblins (D:1)
  2 hobgoblins (D:1)
  A kobold (D:1)
  2 rats (D:1)
8 creatures vanquished.

Notes
Turn   | Place    | Note
-------+----------+-------------------------------------------
     0 | D:1      | dstrtnsr the Hill Orc Berserker began the quest for the Orb.
     0 | D:1      | Reached XP level 1. HP: 19/19 MP: 1/1
   133 | D:1      | Reached XP level 2. HP: 13/27 MP: 2/2
   143 | D:1      | HP: 9/27 [rat (2)]
   147 | D:1      | HP: 3/27 [hobgoblin (4)]
   149 | D:1      | HP: 1/27 [hobgoblin (2)]
   150 | D:1      | Slain by a hobgoblin

Vault maps used:
D:1:      shiori_arrival_elements, minmay_lizard_king

Action                   || total
-------------------------++-------
Melee: Hand axe          ||    18
Invok: Berserk           ||     1
Armor: Animal skin       ||     1
Dodge: Dodged            ||     7

Table legend:
 A = Spawn XP
 B = Non-spawn XP
 C = Spawn XP percentage of total XP
 D = Spawn monster count
 E = Non-spawn monster count
 F = Spawn count percentage of total count
 G = Total turns spent on level
                    A         B        C        D         E        F      G
               +---------+---------+-------+---------+---------+-------+---------
         Total |       0 |      12 |   0.0 |       0 |       8 |   0.0 |   150
               +---------+---------+-------+---------+---------+-------+---------
           D:1 |       0 |      12 |   0.0 |       0 |       8 |   0.0 |   150
               +---------+---------+-------+---------+---------+-------+---------
